 Dungeon Crawl Stone Soup version 0.21.1-1-g345015f (webtiles) character file.

123 Iko the Ducker (level 4, 0/24 HPs)
             Began as a Spriggan Chaos Knight on June 9, 2018.
             Slain by an iguana (1 damage)
             ... on level 4 of the Dungeon.
             The game lasted 00:03:38 (416 turns).

Iko the Ducker (Spriggan Chaos Knight)               Turns: 416, Time: 00:03:39

Health: 0/24       AC:  4    Str:  9    XL:     4   Next: 79%
Magic:  5/5        EV: 20    Int: 13    God:    Xom [..*...]
Gold:   49         SH:  0    Dex: 15    Spells: 3/3 levels left

rFire    . . .     SeeInvis +   a - +0 short sword (chaos)
rCold    . . .     Gourm    .   (shield restricted)
rNeg     . . .     Faith    .   b - +2 robe
rPois    .         Spirit   .   (helmet restricted)
rElec    .         Reflect  .   (no cloak)
rCorr    .         Harm     .   (gloves unavailable)
MR       .....                  (boots unavailable)
Stlth    +.........             (no amulet)
HPRegen  0.08/turn              (no ring)
MPRegen  0.09/turn              (no ring)

@: lethally poisoned (0 -> -3), very quick
A: very small, unfitting armour, see invisible, herbivore, speed 3, slow
metabolism 2
a: Renounce Religion


You were on level 4 of the Dungeon.
You worshipped Xom.
You were a toy of Xom.
You were not hungry.

You visited 1 branch of the dungeon, and saw 4 of its levels.

You collected 49 gold pieces.

Inventory:

Hand Weapons
 a - a +0 short sword of chaos (weapon)
Armour
 b - a +2 robe (worn)
Wands
 e - a wand of acid (12)
Scrolls
 f - a scroll of teleportation
 g - a scroll of remove curse
Comestibles
 c - 2 rations


   Skills:
 + Level 3.2 Fighting
 + Level 4.3 Short Blades
 + Level 0.7 Throwing
 + Level 5.1 Dodging


You had 3 spell levels left.
You didn't know any spells.

Dungeon Overview and Level Annotations

Branches:
Dungeon (4/15)
 Temple: D:4-7

Altars:
Sif Muna


Innate Abilities, Weirdness & Mutations

You are very small and have problems with some larger weapons.
You are too small for most types of armour.
You have supernaturally acute eyesight. (SInv)
You are a herbivore.
You cover ground extremely quickly.
You need consume almost no food.


Message History

Press: ? - help, Shift-Dir - straight line, f/p - iguana
Aim: an iguana You throw a steel tomahawk.
The steel tomahawk hits the iguana.
The iguana is moderately wounded.
Throwing (i - inventory):
d - a steel tomahawk (quivered)
Press: ? - help, Shift-Dir - straight line, f/p - iguana
Aim: an iguana (moderately wounded)
You throw a steel tomahawk.
The steel tomahawk barely misses the iguana.
The iguana completely misses you.
You barely miss the iguana.
The iguana is moderately wounded.
You feel sick.
You hit the iguana but do no damage.
The iguana seems to speed up.
The iguana is moderately wounded.
The iguana bites you!
* * * LOW HITPOINT WARNING * * *
The iguana bites you.
You die...
Xom is highly amused!

#########
#@...†..#
#l#####.####
#<# #......#
#(# #.#.##.#
#(# #.#.## #
#(# # #..#
.(# ##.# #
### # #.#.#
##+##
#.##.#.#


You could see an iguana.

Vanquished Creatures
  A bullfrog (D:3)
  An orc wizard (D:3)
  2 adders (D:4)
  An orc (D:3)
  3 giant cockroaches (D:3)
  A quokka (D:3)
9 creatures vanquished.

Notes
Turn   | Place    | Note
-------+----------+-------------------------------------------
     0 | D:1      | Iko the Spriggan Chaos Knight began the quest for the Orb.
     0 | D:1      | Reached XP level 1. HP: 11/11 MP: 2/2
    21 | D:1      | You fall through a shaft!
    21 | D:2      | XOM: noise
    25 | D:3      | Noticed an orc wizard
    43 | D:3      | XOM: silly message
    45 | D:3      | Killed an orc wizard
    45 | D:3      | Reached skill level 4 in Dodging
    45 | D:3      | Reached XP level 2. HP: 15/16 MP: 3/3
    45 | D:3      | Reached XP level 3. HP: 18/19 MP: 4/4
    95 | D:3      | Noticed a bullfrog
   111 | D:3      | Killed a bullfrog
   111 | D:3      | Reached XP level 4. HP: 9/24 MP: 5/5
   135 | D:3      | XOM: harmless Air miscast
   145 | D:3      | Found a deep blue altar of Sif Muna.
   404 | D:4      | Reached skill level 5 in Dodging
   416 | D:4      | HP: 1/24 [iguana (7)]
   416 | D:4      | Slain by an iguana

Skill      XL: |  1  2  3  4 |
---------------+-------------+-----
Dodging        | 4 5 |  5.1
Fighting       | 3 |  3.2
Short Blades   | 4 |  4.3
Throwing       | |  0.7

Action                   |  1- 3 |  4- 6 || total
-------------------------+-------+-------++-------
Melee: Short sword       |    43 |    31 ||    74
Throw: Tomahawk          |     1 |     7 ||     8
  Use: Scroll            |     1 |     2 ||     3
       Potion            |       |     1 ||     1
Armor: Robe              |    17 |     6 ||    23
Dodge: Dodged            |    62 |    32 ||    94
